 Dungeon Crawl Stone Soup version 0.16.1-28-gcc2312f (webtiles) character file.

125 Kidiri the Conjurer (level 4, -2/35 HPs)
             Began as a Draconian Conjurer on May 27, 2015.
             Slain by Grinder (5 damage)
             ... on level 3 of the Dungeon.
             The game lasted 00:21:05 (2649 turns).

Kidiri the Conjurer (Draconian Conjurer)            Turns: 2649, Time: 00:21:06

Health: -2/35      AC:  5    Str: 10    XL:     4   Next: 82%
Magic:  1/9        EV: 12    Int: 16    God:
Gold:   173        SH:  0    Dex: 12    Spells: 3 memorised, 3 levels left

rFire  . . .     SeeInvis .     d - +0 short sword
rCold  . . .     Clarity  .     (armour unavailable)
rNeg   . . .     SustAb   .     (no shield)
rPois  .         Gourm    .     (helmet restricted)
rElec  .         Spirit   .     (no cloak)
rCorr  .         Warding  .     (no gloves)
rMut   .         Stasis   .     (no boots)
MR     .....                    (no amulet)
Stlth  ++........               (no ring)
                                (no ring)

@: very slightly contaminated, invisible, not resistant to hostile enchantments,
unstealthy
A: unfitting armour, cold-blooded, AC +5
a: no special abilities


You were on level 3 of the Dungeon.
You were not hungry.

You visited 1 branch of the dungeon, and saw 3 of its levels.

You collected 173 gold pieces.

Inventory:

Hand weapons
 d - a +0 short sword (weapon)
 j - a +0 blowgun
Missiles
 i - 4 curare-tipped needles
Magical devices
 n - a wand of random effects (19)
Scrolls
 e - a scroll of enchant armour
 h - a scroll of teleportation
 o - 2 scrolls of random uselessness
 r - a scroll of immolation {unknown}
Potions
 f - a potion of restore abilities {unknown}
 l - a potion of flight {unknown}
 p - a potion of cancellation {unknown}
Books
 c - a book of Conjurations

   Spells                             Type                      Level
   a - Magic Dart                     Conjuration                  1
   b - Searing Ray                    Conjuration                  2
   c - Dazzling Spray                 Conjuration/Hexes            3
   d - Fulminant Prism                Conjuration/Hexes            4
   e - Iskenderun's Mystic Blast      Conjuration                  4
   f - Iskenderun's Battlesphere      Conjuration/Charms           5
Comestibles
 a - a royal jelly
 b - 4 bread rations
 g - 5 fruits
 m - a meat ration
 q - a chunk of flesh


   Skills:
 + Level 1.0 Fighting
 + Level 1.1 Short Blades
 + Level 0.1 Throwing
 + Level 2.5 Dodging
 * Level 2.2 Stealth
 * Level 3.0 Spellcasting
 * Level 4.6 Conjurations


You had 3 spell levels left.
You knew the following spells:

 Your Spells              Type           Power        Failure   Level  Hunger
a - Magic Dart            Conj           ###.         3%          1    #......
b - Searing Ray           Conj           ###...       6%          2    ##.....
c - Dazzling Spray        Conj/Hex       #.......     21%         3    ###....


Dungeon Overview and Level Annotations

Branches:
Dungeon (3/15)

Altars:
Nemelex Xobeh

Annotations:
D:3 Grinder


Innate Abilities, Weirdness & Mutations

Your plain brown scales are hard (AC +5).
Your body does not fit into most forms of armour.
Your cold-blooded metabolism reacts poorly to cold.


Message History

You suddenly lose the ability to move!
Grinder gestures.
Grinder blinks!
Grinder gestures.
Grinder blinks!
Grinder hits you.
You writhe in agony.
Grinder hits you!
You writhe in agony.
* * * LOW HITPOINT WARNING * * *
You can move again.
Drink which item? (? for menu, Esc to quit)
You fade into invisibility!
Grinder hits you.
* * * LOW HITPOINT WARNING * * *
You writhe in agony.
* * * LOW HITPOINT WARNING * * *
You are very lightly contaminated with residual magic.
Grinder hits you.
* * * LOW HITPOINT WARNING * * *
You writhe in agony.
You die...

########. ##.# ..........#
.... ...........# .#.#.#
............# <#.#.#
.............# .#.#.#
#....$.......# ...#.###
#.#./....##.# .......#
#.....(@.##.#####. .......#
##....5..##.#.....# <†.....#
##.......##.......#
.......#........†...........
..)....#.#.................#
.......#.#.#.......†.......#
##.....#.#.#..######.......##
..)....#...........#.........
###....###.#...##.....###+#..


You could see Grinder.

Vanquished Creatures
  Jessica (D:2)
  4 adders
  2 worms
  4 giant geckos
  A ball python (D:1)
  7 goblins
  6 hobgoblins
  3 jackals (D:1)
  9 kobolds
  A quokka (D:2)
  7 bats
  3 giant newts
  8 rats (D:1)
56 creatures vanquished.

Notes
Turn   | Place    | Note
--------------------------------------------------------------
     0 | D:1      | Kidiri, the Draconian Conjurer, began the quest for the Orb.
     0 | D:1      | Reached XP level 1. HP: 14/14 MP: 3/3
   363 | D:1      | Reached XP level 2. HP: 20/20 MP: 2/4
   681 | D:1      | Found a sparkling altar of Nemelex Xobeh.
   749 | D:1      | Learned a level 2 spell: Searing Ray
   958 | D:1      | Reached XP level 3. HP: 18/27 MP: 0/6
  1114 | D:1      | Learned a level 3 spell: Dazzling Spray
  2019 | D:2      | Noticed Jessica
  2028 | D:2      | Killed Jessica
  2028 | D:2      | Reached skill level 1 in Short Blades
  2028 | D:2      | Reached XP level 4. HP: 31/34 MP: 0/8
  2284 | D:2      | Learned a level 3 spell: Dazzling Spray
  2365 | D:3      | Reached skill level 1 in Fighting
  2630 | D:3      | Noticed Grinder
  2641 | D:3      | Paralysed by Grinder for 6 turns
  2649 | D:3      | Slain by Grinder

Action                   |  1- 3 |  4- 6 || total
-------------------------+-------+-------++-------
Melee: Unarmed           |     8 |       ||     8
       Short sword       |    45 |    11 ||    56
 Fire: Blowgun           |       |     2 ||     2
 Cast: Magic Dart        |    64 |    28 ||    92
       Searing Ray       |     1 |     2 ||     3
       Dazzling Spray    |     3 |     2 ||     5
  Use: Scroll            |     3 |     4 ||     7
       Potion            |       |     1 ||     1
  Eat: Chunk             |     5 |     2 ||     7
